 Dungeon Crawl Stone Soup version 0.30.0-13-g156ef70053 (webtiles) character file.

Game seed: 8590795802116292565

52 browni3141 the Covered (level 3, 0/33 HPs)
             Began as a Minotaur Fighter on May 17, 2023.
             Slain by a hobgoblin (5 damage)
             ... on level 2 of the Dungeon.
             The game lasted 00:00:53 (1427 turns).

browni3141 the Covered (Minotaur Fighter)           Turns: 1427, Time: 00:00:53

Health: 0/33       AC:  7    Str: 20    XL:     3   Next: 60%
Magic:  2/2        EV: 10    Int:  5    God:
Gold:   118        SH:  4    Dex: 11    Spells: 2/2 levels left

rFire   . . .        a - +0 long sword
rCold   . . .        c - +0 buckler
rNeg    . . .        b - +0 scale mail
rPois   .            (helmet restricted)
rElec   .            (no cloak)
rCorr   .            (no gloves)
SInv    .            (no boots)
Will    .....        (no amulet) Stlth
                     (no ring)
HPRegen 0.25/turn    (no ring)
MPRegen 0.08/turn

%: no passive effects
@: no status effects
A: horns 2, retaliatory headbutt
a: no special abilities


You were on level 2 of the Dungeon.
You visited 1 branch of the dungeon, and saw 2 of its levels.

You collected 118 gold pieces.

Inventory:

Hand Weapons
 a - a +0 long sword (weapon)
Armour
 b - a +0 scale mail (worn)
 c - a +0 buckler (worn)
Scrolls
 K - a scroll of fog {unknown}
 O - a scroll of enchant armour {unknown}
 S - a scroll of poison {unknown}
 T - a scroll of torment {unknown}
 V - 2 scrolls of identify {unknown}
 W - a scroll of blinking {unknown}
 X - a scroll of teleportation {unknown}
 Y - a scroll of amnesia {unknown}
Potions
 L - 2 potions of invisibility {unknown}
 M - a potion of might
 N - 2 potions of brilliance {unknown}
 P - a potion of heal wounds {unknown}
 Q - 2 potions of mutation {unknown}
 R - 2 potions of magic {unknown}
 U - a potion of haste {unknown}
 Z - a potion of curing {unknown}


   Skills:
 + Level 3.9 Fighting
 * Level 3.3 Long Blades
 + Level 4.0 Armour
 * Level 1.8 Dodging
 + Level 3.9 Shields


You had 2 spell levels left.
You didn't know any spells.
Your spell library contained the following spells:

 Spells                   Type           Power      Damage    Failure   Level
 Sublimation of Blood     Necr           0%         N/A       95%         2
 Petrify                  Tmut/Erth      0%         N/A       100%        4
 Irradiate                Conj/Tmut      0%         3d11      100%        5


Dungeon Overview and Level Annotations

Branches:
Dungeon (2/15)

Altars:
Fedhas

Annotations:
D:2 Robin


Innate Abilities, Weirdness & Mutations

You have a pair of horns on your head.
You reflexively headbutt those who attack you in melee.


Message History

Z - a green potion
Found a stone staircase leading down.
Found an escape hatch in the ceiling.
L - 2 sedimented amethyst potions You see here the +0 ring mail "Onysucuf" {Harm Str+5}.
K - a scroll labelled UNGUWAZARR No target in view!
No target in view!
No target in view!
A goblin comes into view. It is wielding a +0 club.
The goblin shouts!
A goblin is nearby!
A goblin is nearby!
A goblin is nearby!
A goblin is nearby!
The goblin hits you with a +0 club.
You slash the goblin!
You kill the goblin!
You see here a +0 club.
HP restored.
Found a stone staircase leading up.
You see here a +0 spear.
There is a stone staircase leading up here.
Found an escape hatch in the floor.
You now have 118 gold pieces (gained 11).
There is a shaft here.
There is a stone staircase leading down here.
Key pressed, stopping explore.
A bat comes into view.
The bat moves out of view.
You block the bat's attack.
A bat is nearby!
A bat is nearby!
A bat is nearby!
A bat is nearby!
You hit the bat.
The bat is heavily wounded.
The bat closely misses you. You furiously retaliate!
You headbutt the bat. The bat barely misses you.
You barely miss the bat.
The bat is severely wounded.
The bat hits you but does no damage.
You hit the bat.
You kill the bat!
No target in view!
There is an open door here.
You open the door.
There is an open door here.
You open the door.
A hobgoblin, Robin and 7 goblins come into view.
A goblin is wielding a +0 dagger of venom.
The hobgoblin shouts!
The goblin shouts! x2; Robin shouts!
The goblin shouts! x4
A hobgoblin opens the door.
Robin roars a battlecry!
The goblins go into a battle-frenzy!
A goblin comes into view. It is wielding a +0 dagger.
A goblin breaks down the door.
You hear a shout!
A hobgoblin comes into view.
The hobgoblin shouts!
You hear a shout!
Unknown command.
Unknown command.
You closely miss the goblin. The goblin barely misses you.
A hobgoblin comes into view. x2
You closely miss the goblin. You closely miss the goblin.
Your headbutt misses the goblin. The goblin hits you with a +0 dagger.
The goblin hits you but does no damage.
Robin throws the goblin at you! x2; The goblin hits you but does no damage.
The goblin hits you with a +0 club. The goblin hits you but does no damage.
You hit the goblin. You headbutt the goblin.
You kill the goblin!
The goblin barely misses you. x2
Robin roars a battlecry!
The hobgoblin goes into a battle-frenzy!
The goblin hits you but does no damage.
You closely miss the goblin. The goblin closely misses you.
The goblin hits you but does no damage. The goblin closely misses you.
The goblin hits you with a +0 club.
You barely miss the goblin. You block the goblin's attack.
The goblin hits you but does no damage.
Robin roars a battlecry!
The goblin hits you with a +0 club. The goblin hits you but does no damage.
You slash the goblin!
You kill the goblin!
You block the goblin's attack. The goblin hits you with a +0 club.
The goblin hits you but does no damage. Robin barely misses you.
The hobgoblin hits you. Robin barely misses you.
The goblin hits you but does no damage. The goblin completely misses you.
The goblin hits you but does no damage.
You closely miss the goblin. Your headbutt misses the goblin.
The hobgoblin closely misses you. You furiously retaliate!
You headbutt the hobgoblin.
You kill the hobgoblin!
You block the goblin's attack. The goblin barely misses you.
Robin hits you from afar with a +0 spear.
The goblin closely misses you.
You barely miss the goblin. The goblin hits you with a +0 club.
The goblin hits you but does no damage. The goblin hits you with a +0 dagger.
You block Robin's attack. The hobgoblin hits you.
You die... ...# #..###..# ##......... ...###### ###.## ##.######.#.#.#. ........###...# #...###........ ........##..####+####..###.#.#.#. ........##.##.#...#.##.##......>. ........##.# ggg.' #...#.#.#.#. ........##.## ggg

##..####..##.
...#######..####g####...###..###.
...# ##...#g@g#...#.....## #.
...# ###.##g##......#### #. ...#
#..#'#...##.## #. ####
##.....#.##.# #. ###.##..##.# #.
#....###.########. ##..##
#.......... #####.###############
# #............


You could see Robin, 3 hobgoblins and 6 goblins.

Vanquished Creatures
  An adder (D:2)
  A ball python (D:1)
  4 endoplasms
  3 giant cockroaches
  5 goblins
  4 hobgoblins
  4 jackals (D:1)
  A quokka (D:1)
  5 bats
  A frilled lizard (D:2)
  3 kobolds (D:1)
  6 rats
38 creatures vanquished.

Notes
Turn   | Place    | Note
-------+----------+-------------------------------------------
     0 | D:1      | browni3141 the Minotaur Fighter began the quest for the
                  | Orb.
     0 | D:1      | Reached XP level 1. HP: 19/19 MP: 0/0
    81 | D:1      | Reached XP level 2. HP: 25/27 MP: 1/1
   261 | D:1      | Reached skill level 3 in Long Blades
   615 | D:1      | Reached XP level 3. HP: 33/33 MP: 2/2
  1086 | D:2      | Reached skill level 4 in Armour
  1119 | D:2      | Found a blossoming altar of Fedhas.
  1181 | D:2      | Identified the +0 ring mail "Onysucuf" {Harm Str+5}
  1418 | D:2      | Noticed Robin
  1427 | D:2      | Slain by a hobgoblin

Illustrated notes

Levels and vault maps discovered:
D:1:      lemuel_arrival_hallway, layout_loops_ring, serial_rivers,
          chequers_serial_rivers_large_a, chequers_serial_rivers_micro_c,
          chequers_serial_rivers_micro_a, chequers_serial_rivers_micro_b,
          minmay_small_reverse_x
D:2:      cheibrodos_greedy_goblins, layout_basic, basic_altar, st_stairs_12,
          minmay_tiny_reverse_x, uniq_robin

Skill      XL: |  1  2  3 |
---------------+----------+-----
Dodging        | 1 |  1.8
Long Blades    | 3 |  3.3
Armour         | 4 |  4.0
Fighting       | |  3.9
Shields        | |  3.9

Action                     || total
---------------------------++-------
  Melee: Long sword        ||    74
         Headbutt          ||     2
 Armour: Scale mail        ||    73
  Dodge: Dodged            ||    57
  Block: Buckler           ||    15
